← All builds
Geo sea / Cortex / Economy first / OBSERVED BUILD

Standard geo sea

The role's default economy-first play: bot lab then shipyard in the cove, quick frigate/submarine/destroyer navy to contest sea and hold the coast, transitioning into whatever the sea fight needs.

Usually shipyard in the cove (98%)

#naval #eco · 963 distinct matches · 100 players · 83% of Cortex Geo sea games · team won 52% of 1080 · Recently observed

HOW TO PLAY IT

Key timing: Shipyard by 3:18

  1. Open 3 mex, wind and solar, then Bot Lab.
  2. Get a BP and costal torpedo launcher up before the Shipyard.
  3. Put up Shipyard once you can defend it.
  4. Push out "submarine" and "frigate" to contest the sea.
  5. Add geothermal to fund the fleet transition into "destroyer", "missile corvette".

Phase by phase

TYPICAL OF ITS 963 GAMES
  1. 1
  2. 2
  3. 3
  4. 4
PLAY THE OPENING

Follow the example game's first 6:00 step by step: what to build now, what comes next, and where it goes. At 1× it keeps pace with your own game.

  1. 1

    Up to the Bot Lab

    Economy
    • Metal Extractor3Mex
    • Wind Turbine3Wind
    Order
    1. Bot LabBot Lab after 3 mex, 3 winddone ~1:12, middle half 1:06–1:25

    Some games also: wind for allies (49%)

    By 0:55 in all: 3 mex · 3 wind

    The example game in this phase · 5 steps
    1. Mex ×3
    2. Windfor Air
    3. Wind ×2
    4. Solar
    5. Bot LabBot Labdone 1:17 · typical 1:12
  2. 2

    Bot Lab to Shipyard

    Economy
    • Metal Extractor1Mex
    • Wind Turbine2Wind
    Order
    1. ShipyardShipyard after 4 mex, 5 wind, 1 energy storagedone ~3:17, middle half 3:02–3:33
    Builders
    • Construction Bot3 Con bot
    • Graverobber2 Graverobber
    Army
    • Grunt1 Grunt

    Some games also: con turret (46%) · trasher (39%) · energy storage (34%) · wind for allies (32%)

    By 2:51 in all: 4 mex · 5 wind · 1 energy storage

    The example game in this phase · 16 steps
    1. Wind
    2. Construction BotCon bot
    3. Solar
    4. Con turret
    5. Windfor Air
    6. GraverobberGraverobber
    7. TrasherTrasherfor Suicide front
    8. GraverobberGraverobber
    9. Mex
    10. Construction BotCon bot
    11. GruntGrunt
    12. Radar TowerRadar Tower
    13. Wind
    14. GruntGrunt
    15. Mex
    16. ShipyardShipyarddone 3:29 · typical 3:17
  3. 3

    Shipyard to 5:00

    Economy
    • Metal Extractor4Mex
    Builders
    • Construction Ship1 Con ship
    Army
    • Riptide2 Frigate
    • Orca1 Submarine
    Other
    • Radar Tower1 Radar Tower

    Some games also: Guard (49%) · wind (49%) · missile corvette (48%) · destroyer (46%) · gunboat (41%)

    By 5:00 in all: 8 mex · 6 wind · 1 energy storage · 1 con turret

    The example game in this phase · 23 steps
    1. GruntGrunt
    2. Wind
    3. GruntGrunt
    4. Mex
    5. Energy storage
    6. GruntGrunt
    7. SupporterGunboat
    8. GruntGrunt
    9. SupporterGunboat
    10. Mex
    11. Radar TowerRadar Tower
    12. Construction ShipCon ship
    13. Wind
    14. SupporterGunboat
    15. Mex
    16. SupporterGunboat
    17. Wind
    18. SupporterGunboat ×3
    19. OppressorDestroyerdone 5:11 · typical 5:52
    20. Naval Radar / Sonar TowerNaval Radar / Sonar Tower
    21. Converter
    22. Mex
    23. Naval Radar / Sonar TowerNaval Radar / Sonar Tower
  4. 4

    5:00 to 10:00

    Economy
    • Metal Extractor2Mex
    • Wind Turbine8Wind
    • Energy Converter1Converter
    Builders
    • Construction Turret1 Con turret
    • Death Cavalry2 Death Cavalry
    • Construction Ship1 Con ship
    Army
    • Guard2 Guard
    • Riptide5 Frigate
    • Oppressor2 Destroyer
    Other
    • Naval Radar / Sonar Tower2 Naval Radar / Sonar Tower

    Some games also: geo (48%) · Thistle (41%) · submarine (34%)

    By 10:00 in all: 10 mex · 15 wind · 1 geo · 4 converter · 1 energy storage · 2 con turret

    The example game in this phase · 89 steps
    1. Wind
    2. Death CavalryDeath Cavalry
    3. HerringMissile corvette
    4. Wind
    5. RiptideFrigatedone 5:55 · typical 4:36
    6. Mex
    7. Wind
    8. SupporterGunboat ×3
    9. Wind
    10. SupporterGunboat ×2
    11. Mex
    12. SupporterGunboat ×3
    13. Mex
    14. Converter
    15. SupporterGunboat
    16. Radar TowerRadar Tower
    17. Construction ShipCon ship
    18. SupporterGunboat ×4
    19. Wind
    20. SupporterGunboat ×2
    21. Advanced Metal ExtractorT2 mexdone 8:26 · typical 9:22
    22. Wind
    23. Naval Radar / Sonar TowerNaval Radar / Sonar Tower
    24. Wind
    25. Construction ShipCon ship
    26. Seaplane PlatformSeaplane Platformdone 8:41
    27. Wind
    28. Advanced Metal ExtractorT2 mex
    29. Converter
    30. Dam BusterSeaplane bomber
    31. Naval Radar / Sonar TowerNaval Radar / Sonar Tower
    32. Dam BusterSeaplane bomber
    33. Wind
    34. Dam BusterSeaplane bomber
    35. Wind
    36. Dam BusterSeaplane bomber
    37. Naval Radar / Sonar TowerNaval Radar / Sonar Tower
    38. Advanced Metal ExtractorT2 mex
    39. Dam BusterSeaplane bomber
    40. Wind
    41. Dam BusterSeaplane bomber
    42. Naval Radar / Sonar TowerNaval Radar / Sonar Tower
    43. Mex
    44. Wind
    45. Advanced Metal ExtractorT2 mex
    46. Naval Construction Turret
    47. Wind ×2
    48. Geothermal PowerplantGeodone 14:26 · typical 7:59
    49. Wind ×3
    50. Mex
    51. Wind ×2
    52. Naval Construction Turret
    53. Wind
    54. Naval Metal Storage
    55. Wind
    56. Aircraft PlantAircraft Plantdone 11:57
    57. Advanced Metal ExtractorT2 mex
    58. Advanced ShipyardAdvanced Shipyarddone 12:31
    59. Con turret
    60. ValiantValiant
    61. Con turret
    62. ValiantValiant
    63. Advanced Metal ExtractorT2 mex
    64. ValiantValiant
    65. Advanced Construction SubAdvanced Construction Sub
    66. ValiantValiant
    67. Mex
    68. ValiantValiant ×2
    69. PathfinderPathfinder
    70. ValiantValiant
    71. PathfinderPathfinder
    72. Wind
    73. ValiantValiant
    74. PathfinderPathfinder
    75. Wind
    76. Naval Advanced Metal ExtractorNaval Advanced Metal Extractordone 14:24
    77. DespotBattleshipnot finished by 15:00
    78. ValiantValiant
    79. Wind
    80. PhantasmRadar jammer ship
    81. OasisOasis
    82. ValiantValiant
    83. Advanced Construction SubAdvanced Construction Sub
    84. Wind ×5
    85. Tidal ×2
    86. Naval Fusion ReactorNaval Fusion Reactornot finished by 15:00
    87. Wind ×2
    88. Naval Advanced Metal ExtractorNaval Advanced Metal Extractor
    89. Wind ×7

Counts are medians over the build's games: half of them build more, half fewer. The example game is Optimusprimenutt's (40 OS, 26/09/2026); pick another.

Team trades

IN AT LEAST 30% OF ITS GAMES

You hand over

  • Wind Turbine2 Wind to Airfirst at 1:48 · in 72% of games

You get

  • Finch1 Finch from Airfirst at 1:51 · in 83% of games
  • Hercules1 Light transport from Airfirst at 2:00 · in 75% of games
  • Advanced Construction Bot1 T2 con bot from Techfirst at 7:44 · in 89% of games

How it plays out

Typical game of this build, running totals by minute

Metal produced

010k20k30k
0:005:0010:0015:00

metal

Enemy metal destroyed

05k10k
0:005:0010:0015:00

metal

Own metal lost

02.5k5k7.5k
0:005:0010:0015:00

metal

1080 games.

Show as table
ByMetal produced: This buildEnemy metal destroyed: This buildOwn metal lost: This build
1:0039700
2:0092800
3:00156700
4:002903051
5:00410813152
6:005464441242
7:006946931551
8:0086181570905
9:001049724631363
10:001261536342072
11:001522148872938
12:001812964053801
13:002147974014458
14:002507986465388
15:002882297766321
WHAT THE NUMBERS SAY

Standard Cortex geo sea sits at an even 50% win rate, trading a slower start for a big resource lead by 15:00.

  • + Metal produced hits 28451 by 15:00, well above both front roles
  • + Own metal lost stays far below enemy metal destroyed at every checkpoint
  • − Only 50% team win rate, the lowest of these six builds
  • − T2 factory only completes in 40% of games by 12:53
THE EXAMPLE YOU ARE READING

Optimusprimenutt

40.3 OS · 26/09/2026

Open source match ↗

26 received units · includes a constructor
391 metal received · 73963 energy received

Allied construction assistance is unknown. Timings are observations, not a promise of solo reproducibility.

Typical milestones

Bot Lab1:12Middle 50%: 1:06–1:25 · n=1069
Shipyard3:17Middle 50%: 3:02–3:33 · n=1074
Orca4:19Middle 50%: 3:54–5:00 · n=747
Riptide4:36Middle 50%: 4:08–5:21 · n=1048
Oppressor5:52Middle 50%: 5:09–6:34 · n=977
Geothermal Powerplant7:59Middle 50%: 7:01–8:59 · n=648
Advanced Metal Extractor9:22Middle 50%: 8:46–10:10 · n=926

Played most by

sirniho121games of this buildSHOGVN86games of this buildOptimusprimenutt84games of this buildPRO_Rerory47games of this buildhihimik41games of this build